 Dungeon Crawl Stone Soup version 0.31-a0-145-g046c7d2549 (webtiles) character file.

Game seed: 6498515477560375768

126 qw the Shooter (level 4, -2/40 HPs)
             Began as a Minotaur Hunter on June 7, 2023.
             Slain by a gnoll
             ... wielding a +1 whip of venom
              (8 damage)
             ... on level 2 of the Dungeon.
             The game lasted 00:00:42 (1608 turns).

qw the Shooter (Minotaur Hunter)                    Turns: 1608, Time: 00:00:42

Health: -2/40      AC:  7    Str: 16    XL:     4   Next: 83%
Magic:  3/3        EV: 11    Int:  6    God:
Gold:   56         SH:  0    Dex: 15    Spells: 3/3 levels left

rFire   . . .        Y - +0 shortbow
rCold   . . .        (shield currently unavailable)
rNeg    . . .        g - +0 ring mail
rPois   .            (helmet restricted)
rElec   .            h - +1 cloak
rCorr   .            (no gloves)
SInv    .            (no boots)
Will    .....        (no amulet)
Stlth   +            (no ring)
HPRegen 0.26/turn    (no ring)
MPRegen 0.08/turn

%: no passive effects
@: brilliant, lethally poisoned (-2 -> -7), about to teleport
A: horns 2, retaliatory headbutt
a: no special abilities


You were on level 2 of the Dungeon.
You visited 1 branch of the dungeon, and saw 3 of its levels.

You collected 56 gold pieces.


Innate Abilities, Weirdness & Mutations

You have a pair of horns on your head.
You reflexively headbutt those who attack you in melee.


   Skills:
 - Level 4.0 Fighting
 + Level 6.0 Ranged Weapons
 - Level 1.3 Armour
 - Level 2.1 Dodging
 - Level 0.7 Stealth


You had 3 spell levels left.
You didn't know any spells.
Your spell library was empty.

Inventory:

Hand Weapons
 Y - a +0 shortbow (weapon)
Armour
 g - a +0 ring mail (worn)
 h - a +1 cloak (worn)
Scrolls
 k - a scroll of identify
Potions
 d - a potion of mutation {unknown}
 e - a potion of magic {unknown}
 m - a potion of heal wounds {unknown}

Dungeon Overview and Level Annotations

Branches:
Dungeon (3/15)

Altars:


Message History

Enter note:
Enter note:
Enter note:
Enter note:
Enter note:
Enter note:
Enter note: You shoot an arrow.
The arrow hits the gnoll.
The gnoll is heavily wounded.
The gnoll hits you but does no damage.
The gnoll hits you with a +1 whip of venom!
You are poisoned.
You shoot an arrow. The arrow hits the gnoll.
The gnoll is almost dead.
You feel very sick.
The gnoll barely misses you. x2; You furiously retaliate!
You headbutt the gnoll, but do no damage.
You shoot an arrow. The arrow hits the gnoll.
You kill the gnoll!
You feel very sick. The gnoll hits you but does no damage.
You are more poisoned.
Your Fighting skill increases to level 4!
You shoot an arrow. The arrow hits the gnoll.
The gnoll is moderately wounded.
You feel very sick. The gnoll barely misses you. You furiously retaliate!
You headbutt the gnoll. The gnoll hits you but does no damage.
You shoot an arrow. The arrow closely misses the gnoll.
You feel very sick. The gnoll closely misses you.
1607 ||| READING scroll of teleportation.
As you read the scroll of teleportation, it crumbles to dust.
You feel strangely unstable.
You feel sick. The gnoll closely misses you.
You shoot an arrow. The arrow hits the gnoll.
The gnoll is severely wounded.
You feel sick.
The gnoll hits you with a +1 whip of venom!
You die...

########## #......... ######
#.######## ###....#############
#)#......% ................@g.#
#.#.######
###....#####...)...#####.#....#..
#....# #.......#...#.#....#.#
###### #.......#.#.#.#.......
#####'###.#.#......... ##########
#.# #.#.#########. .........#
#.###.#.##..J..... ########.#
#.....#[##.#J#.### #.#
#..####.##...#...<


You could see a gnoll.

Vanquished Creatures
  5 gnolls (D:2)
  An adder (D:2)
  3 worms (D:2)
  3 dart slugs
  3 ball pythons (D:2)
  2 bats
  4 endoplasms
  4 giant cockroaches
  5 goblins (D:2)
  4 hobgoblins
  7 jackals
  4 kobolds
  3 quokkas
  A frilled lizard (D:2)
  A rat (D:1)
50 creatures vanquished.

Notes
Turn   | Place    | Note
-------+----------+-------------------------------------------
     0 | D:1      | qw the Minotaur Hunter began the quest for the Orb.
     0 | D:1      | Reached XP level 1. HP: 18/18 MP: 0/0
     0 | D:1      | 0 ||| qw: Version: 0.2-a-117-gc6b5c8b
     0 | D:1      | 0 ||| qw: Game counter: 2484
     0 | D:1      | 0 ||| qw: Always use a shield: true
     0 | D:1      | 0 ||| qw: God list: Okawaru
     0 | D:1      | 0 ||| qw: Allow faded altars: false
     0 | D:1      | 0 ||| qw: Do Orc after D:15 true
     0 | D:1      | 0 ||| qw: Do second Lair branch before Depths: true
     0 | D:1      | 0 ||| qw: Lair rune preference: random
     0 | D:1      | 0 ||| qw: Plans: Normal
     0 | D:1      | 0 ||| PLANNING D:1-11
    78 | D:1      | Found a faded altar of an unknown god.
    89 | D:1      | Reached XP level 2. HP: 25/25 MP: 1/1
    91 | D:1      | Reached skill level 5 in Ranged Weapons
   190 | D:1      | Reached skill level 3 in Fighting
   378 | D:1      | Reached XP level 3. HP: 31/31 MP: 2/2
   439 | D:1      | 439 ||| UPGRADING to +0 ring mail.
   449 | D:1      | 449 ||| DROPPING +0 leather armour.
   450 | D:1      | 450 ||| UPGRADING to +1 cloak.
   455 | D:1      | 455 ||| READING scroll labelled JEDOKHL UMMEH.
   456 | D:1      | 456 ||| READING scroll labelled MUSI GUNUI.
   457 | D:1      | 457 ||| READING scroll labelled EGAQIMNEIJ.
   460 | D:1      | 460 ||| READING 2 scrolls labelled SIWKEN VUFA.
   461 | D:1      | 461 ||| READING scroll labelled REWYUW IJUI.
   462 | D:1      | 462 ||| DROPPING scroll of butterflies.
   494 | D:2      | Reached skill level 1 in Armour
   500 | D:2      | 500 ||| STAIRDANCE
   534 | D:2      | 534 ||| STAIRDANCE
   575 | D:2      | 575 ||| STAIRDANCE
   621 | D:2      | Reached XP level 4. HP: 38/38 MP: 3/3
   947 | D:2      | Reached skill level 6 in Ranged Weapons
  1467 | D:2      | 1467 ||| READING scroll labelled FUHOTT VOSM.
  1568 | D:2      | 1568 ||| READING scroll labelled NIYWUSEIRCHO.
  1569 | D:2      | 1569 ||| DRINKING 4 bubbling amethyst potions.
  1570 | D:2      | 1570 ||| DROPPING 3 potions of brilliance.
  1600 | D:3      | 1600 ||| STAIRDANCE
  1606 | D:2      | HP: 9/40 [poisoned by a gnoll]
  1607 | D:2      | 1607 ||| READING scroll of teleportation.
  1608 | D:2      | Slain by a gnoll

Levels and vault maps discovered:
D:1:      ncdulo_watergridlock, layout_rooms, shapermc_ecumenical_altar_venn
D:2:      layout_basic, kennysheep_generic_room_14
D:3:      layout_rooms, serial_shops, nicolae_shop_pleasant_corner_grove,
          uniq_terence

Skill      XL: |  1  2  3  4 |
---------------+-------------+-----
Ranged Weapons | 5 6 |  6.0
Fighting       | 3 4 |  4.0
Armour         | 1 |  1.3
Dodging        | |  2.1
Stealth        | |  0.7

Action                     |  1- 3 |  4- 6 || total
---------------------------+-------+-------++-------
   Fire: Shortbow          |    74 |    86 ||   160
    Use: Scroll            |     5 |     3 ||     8
         Potion            |       |     1 ||     1
 Armour: Leather armour    |     5 |       ||     5
         Ring mail         |     4 |    10 ||    14
  Dodge: Dodged            |    20 |    24 ||    44

Table legend:
 A = Non-vault XP
 B = Vault XP
 C = Vault XP percentage of total XP
 D = Non-vault monster count
 E = Vault monster count
 F = Vault count percentage of total count
                 A         B        C        D         E       F
            +---------+---------+-------+---------+---------+-------
      Total |     178 |       2 |   1.1 |      49 |       1 |   2.0
            +---------+---------+-------+---------+---------+-------
        D:1 |      42 |       0 |   0.0 |      20 |       0 |   0.0
        D:2 |     136 |       2 |   1.4 |      29 |       1 |   3.3
            +---------+---------+-------+---------+---------+-------
